 Dungeon Crawl Stone Soup version 0.28-a0-1213-g0243856f03 (webtiles) character file.

Game seed: 1970289004969947337

2616 blank1 the Cleaver (level 9, 0/83 HPs)
             Began as a Hill Orc Fighter on Dec 22, 2021.
             Was a Believer of Okawaru.
             Shot with an arrow by a centaur (1 damage)
             ... on level 8 of the Dungeon.
             The game lasted 00:13:12 (8592 turns).

blank1 the Cleaver (Hill Orc Fighter)               Turns: 8592, Time: 00:13:12

Health: 0/83       AC: 23    Str: 21    XL:     9   Next: 60%
Magic:  12/12      EV:  3    Int:  8    God:    Okawaru [**....]
Gold:   347        SH:  0    Dex: 12    Spells: 8/8 levels left

rFire   + . .      SeeInvis .   a - +0 war axe
rCold   + + .      Faith    .   e - +1 tower shield {AC+3}
rNeg    . . .      Spirit   .   q - +0 plate armour
rPois   .          Reflect  .   n - +2 hat
rElec   .          Harm     .   F - scarf {rC+ rF+}
rCorr   .          Rampage  .   o - +0 pair of gloves
Will    .....                   (no boots)
Stlth   ..........              (no amulet)
HPRegen 0.23/turn               g - ring of protection from cold
MPRegen 0.13/turn               r - +4 ring of protection

@: confused, lethally poisoned (0 -> -11)
A: no striking features
a: Renounce Religion, Heroism


You were on level 8 of the Dungeon.
You worshipped Okawaru.
Okawaru was pleased with you.
You visited 2 branches of the dungeon, and saw 9 of its levels.

You collected 347 gold pieces.

Inventory:

Hand Weapons
 a - a +0 war axe (weapon)
 A - a +1 flail of protection
Missiles
 G - a throwing net (quivered)
Armour
 e - a +1 tower shield of protection (worn)
 n - a +2 hat (worn)
 o - a +0 pair of gloves (worn)
 q - a +0 plate armour (worn)
 F - a scarf of resistance (worn)
Jewellery
 g - a ring of protection from cold (left hand)
 p - a ring of wizardry
 r - a +4 ring of protection (right hand)
 H - an amulet of regeneration
Wands
 c - a wand of digging (6)
 k - a wand of iceblast (11)
 C - a wand of mindburst (8)
Scrolls
 h - 5 scrolls of teleportation
 l - 4 scrolls of fog
 m - a scroll of torment
 t - 2 scrolls of summoning {unknown}
 x - 2 scrolls of enchant armour {unknown}
 y - 2 scrolls of brand weapon {unknown}
 B - 2 scrolls of holy word {unknown}
 E - 2 scrolls of noise {unknown}
Potions
 b - a potion of mutation
 d - 4 potions of might
 f - 2 potions of attraction
 i - 2 potions of heal wounds
 j - a potion of curing {unknown}
 s - a potion of berserk rage {unknown}
 u - 2 potions of degeneration {unknown}
 v - a potion of cancellation {unknown}
 w - 3 potions of magic
 z - 2 potions of haste {unknown}


   Skills:
 + Level 9.3 Fighting
 - Level 10.0 Axes
 + Level 6.6 Armour
 - Level 2.0 Dodging
 - Level 5.0 Shields
 - Level 4.0 Invocations


You had 8 spell levels left.
You didn't know any spells.
Your spell library contained the following spells:

 Spells                   Type           Power      Damage    Failure   Level
 Apportation              Tloc           0%         N/A       100%        1
 Blink                    Tloc           0%         N/A       100%        2
 Ensorcelled Hibernation  Hex/Ice        0%         N/A       100%        2
 Static Discharge         Conj/Air       0%         N/A       100%        2
 Dazzling Flash           Conj/Hex       0%         N/A       100%        3
 Agony                    Necr           0%         N/A       100%        5
 Lightning Bolt           Conj/Air       0%         1d11      100%        5
 Manifold Assault         Tloc           0%         N/A       100%        5
 Silence                  Hex/Air        0%         N/A       100%        5
 Orb of Destruction       Conj           0%         N/A       100%        7
 Maxwell's Capacitive Co  Air            0%         ∞         100%        8
 Animate Skeleton         Necr           Unusable   N/A       N/A         1
 Summon Small Mammal      Summ           Unusable   N/A       N/A         1
 Call Canine Familiar     Summ           Unusable   N/A       N/A         3
 Summon Guardian Golem    Hex/Summ       Unusable   N/A       N/A         3
 Tukima's Dance           Hex            Unusable   N/A       N/A         3
 Summon Forest            Summ/Tloc      Unusable   N/A       N/A         5
 Spellforged Servitor     Conj/Summ      Unusable   N/A       N/A         7

Dungeon Overview and Level Annotations

Branches:
Dungeon (8/15)             Temple (1/1) D:5
   Lair: D:8-11

Altars:
Cheibriados
Dithmenos
Elyvilon
Fedhas
Gozag
Kikubaaqudgha
Makhleb
Nemelex Xobeh
Okawaru
Qazlal
Ru
Trog
Uskayaw
Vehumet
Wu Jian
Zin
The Shining One

Shops:
D:7 ?   D:8 [


Message History

The orc wizard flickers and vanishes!
Deactivating autopickup; reactivate with Ctrl-A.
The centaur shoots an arrow.
You block the arrow.
You closely miss something.
You feel very sick.
The centaur shoots an arrow.
You block the arrow. Something hits you but does no damage.
You are more poisoned.
The centaur shoots an arrow.
You block the arrow.
You completely miss something.
You feel very sick. You block something's attack.
The centaur shoots an arrow.
You block the arrow. Something hits you but does no damage.
You are more poisoned.
The centaur shoots an arrow.
The arrow completely misses you.
Unknown command.
You closely miss something.
* * * LOW HITPOINT WARNING * * *
You feel very sick.
The centaur shoots an arrow.
You block the arrow. Something hits you but does no damage.
You are lethally poisoned!
The centaur shoots an arrow.
The arrow hits you.
* * * LOW HITPOINT WARNING * * *
You closely miss something.
* * * LOW HITPOINT WARNING * * *
You feel extremely sick.
You hear some strange, mumbled words.
A puff of flame appears from out of thin air!
You block the puff of flame.
The centaur shoots an arrow.
The arrow barely misses you.
You hear some strange, mumbled words.
You are confused.
You miss something.
* * * LOW HITPOINT WARNING * * *
You feel very sick.
The centaur shoots an arrow.
The arrow hits you.
* * * LOW HITPOINT WARNING * * *
The arrow burns you.
You die...

#.# #.#
#.##.######
...###.######.##.#
#........##.##.#
#.#...##.##.##.#
#....#......##.#
#D.###.#>#.#..##..
#.# #†.......# ##
#..###.#.#.#.##
#.c)@#..>..#
#.#{.###.###
#....# #.# ..###.#
#.# #.# #.. # ..##
.## #


You could see a centaur.

Vanquished Creatures
  A gargoyle (D:8)
  Grinder (D:4)
  A hornet (D:8)
  A steam dragon (D:8)
  Edmund (D:6)
  A water moccasin (D:6)
  A black bear (D:4)
  3 orc warriors
  2 kobold brigands (D:8)
  A bullfrog (D:8)
  A scorpion (D:5)
  A wyvern skeleton (D:6)
  2 howler monkeys (D:7)
  2 bullfrog zombies
  A centaur zombie (D:8)
  2 jellies
  3 orc priests
  A centaur skeleton (D:7)
  2 hounds
  A gnoll shaman (D:8)
  Natasha (thrice) (D:4)
  5 orc wizards
  A howler monkey zombie (D:7)
  8 gnolls
  6 adders
  An adder skeleton (D:4)
  2 worms (D:3)
  20 orcs
  2 endoplasms (D:1)
  2 giant cockroaches (D:3)
  6 hobgoblins
  4 jackals (D:5)
  13 kobolds
  4 quokkas
  2 ball pythons
  4 bats
  8 goblins
  3 rats
123 creatures vanquished.

Notes
Turn   | Place    | Note
-------+----------+-------------------------------------------
     0 | D:1      | blank1 the Hill Orc Fighter began the quest for the Orb.
     0 | D:1      | Reached XP level 1. HP: 19/19 MP: 1/1
   258 | D:1      | Reached XP level 2. HP: 26/27 MP: 2/2
   284 | D:1      | Reached skill level 3 in Axes
   435 | D:1      | Got the Handbook of Translocation
  1140 | D:2      | Reached XP level 3. HP: 28/33 MP: 3/3
  1296 | D:2      | Found a faded altar of an unknown god.
  1431 | D:2      | Reached skill level 1 in Dodging
  1863 | D:3      | Reached XP level 4. HP: 40/40 MP: 4/4
  2318 | D:3      | Reached skill level 4 in Axes
  2532 | D:3      | Reached XP level 5. HP: 32/46 MP: 5/5
  2765 | D:3      | Reached skill level 5 in Axes
  2926 | D:4      | Noticed Grinder
  2935 | D:4      | Paralysed by Grinder for 7 turns
  2955 | D:4      | Paralysed by Grinder for 3 turns
  2963 | D:4      | Paralysed by Grinder for 2 turns
  2966 | D:4      | Paralysed by Grinder for 4 turns
  3145 | D:4      | Paralysed by Grinder for 5 turns
  3152 | D:4      | Paralysed by Grinder for 5 turns
  3168 | D:4      | Killed Grinder
  3169 | D:4      | Reached skill level 6 in Axes
  3169 | D:4      | Reached XP level 6. HP: 12/57 MP: 6/6
  3441 | D:4      | Noticed a black bear
  3454 | D:4      | Killed a black bear
  3455 | D:4      | Reached XP level 7. HP: 13/64 MP: 7/7
  3880 | D:4      | Found a sparkling altar of Nemelex Xobeh.
  3901 | D:4      | Found a bloodstained altar of Trog.
  3919 | D:4      | Noticed Natasha
  3936 | D:4      | Killed Natasha
  4021 | D:4      | Noticed Natasha
  4036 | D:4      | Killed Natasha
  4151 | D:4      | Noticed Natasha
  4156 | D:4      | Killed Natasha
  4224 | D:4      | Identified the +2 ring mail of Poor Excuses {Rampage Str+4
                  | Dex+3 Stlth-}
  4364 | D:5      | Entered Level 5 of the Dungeon
  4511 | D:5      | Found a staircase to the Ecumenical Temple.
  4516 | D:5      | Reached skill level 7 in Axes
  4521 | Temple   | Entered the Ecumenical Temple
  4668 | Temple   | Became a worshipper of Warmaster Okawaru
  4716 | D:5      | Reached skill level 1 in Invocations
  4760 | D:5      | Identified a scroll of acquirement
  4760 | D:5      | Acquired a +1 tower shield of protection
  4933 | D:5      | Found a white marble altar of Elyvilon.
  4934 | D:5      | Found a glowing silver altar of Zin.
  4936 | D:5      | Found a hide-covered altar of Uskayaw.
  5104 | D:6      | Noticed Edmund
  5125 | D:6      | Killed Edmund
  5125 | D:6      | Reached * piety under Okawaru
  5126 | D:6      | Reached skill level 8 in Axes
  5126 | D:6      | Reached XP level 8. HP: 61/73 MP: 8/10
  5900 | D:6      | Reached skill level 5 in Armour
  5900 | D:6      | Reached skill level 5 in Shields
  7121 | D:7      | Found Itrougre's Magic Scroll Shop.
  7778 | D:8      | Found Sugeth's Antique Armour Boutique.
  7807 | D:8      | Reached skill level 9 in Axes
  8138 | D:8      | Reached ** piety under Okawaru
  8139 | D:8      | Reached XP level 9. HP: 79/81 MP: 10/12
  8303 | D:8      | Noticed a gargoyle
  8332 | D:8      | Killed a gargoyle
  8333 | D:8      | Reached skill level 10 in Axes
  8527 | D:8      | Noticed a hornet
  8530 | D:8      | Paralysed by a hornet for 3 turns
  8539 | D:8      | Killed a hornet
  8592 | D:8      | HP: 1/83 [centaur/arrow (5)]
  8592 | D:8      | Shot with an arrow by a centaur

Illustrated notes

Levels and vault maps discovered:
D:1:      sevenhm_arrival_forest_fort_small_4, layout_loops_ring,
          kennysheep_decorative_pillar, dk_noncrumbling_2,
          chequers_serial_rivers_large_b, nrook_mini_backslash
D:2:      layout_loops_ring, shapermc_ecumenical_altar_starsandcircs
D:3:      layout_rooms
D:4:      layout_basic, kennysheep_little_box, mainiacjoe_overflow_tiny_flanked,
          fountainhead, uniq_grinder, uniq_natasha
D:5:      layout_rooms, gammafunk_temple_overflow_forgotten,
          minmay_temple_entry_statues_pillars
D:6:      layout_basic, chequers_serial_rivers_large_a, palyth_stone_intersect,
          uniq_edmund
D:7:      layout_basic, serial_shops, shop_scrolls
D:8:      layout_loops_ring, lemuel_coloured_pillars_altar,
          beargit_hepliaklqana_dungeon_heroes, serial_shops, shop,
          minmay_starry_boxes
Temple:   regret_index_temple_generic_petals

Skill      XL: |  1  2  3  4  5  6  7  8  9 |
---------------+----------------------------+-----
Axes           | 3 4 6 8 9 10 | 10.0
Fighting       | 4 6 7 8 9 |  9.3
Dodging        | 1 2 |  2.0
Armour         | 4 5 6 |  6.6
Shields        | 4 5 |  5.0
Invocations    | 3 4 |  4.0

Action                   |  1- 3 |  4- 6 |  7- 9 || total
-------------------------+-------+-------+-------++-------
Melee: War axe           |    91 |   112 |   297 ||   500
Invok: Heroism           |       |       |     2 ||     2
  Use: Potion            |       |     1 |     2 ||     3
       Scroll            |       |       |     8 ||     8
Armor: Scale mail        |     5 |       |       ||     5
       Chain mail        |    39 |       |       ||    39
       Plate armour      |       |    77 |   236 ||   313
Dodge: Dodged            |    42 |    37 |    47 ||   126
Block: Buckler           |    20 |    26 |     6 ||    52
       Tower shield      |       |       |   246 ||   246

Table legend: (Time is in decaauts)
 A = Elapsed time spent in this place.
 B = Non-inter-level travel time spent in this place.
 C = Inter-level travel time spent in this place.
 D = Time resting spent in this place.
 E = Time spent auto-exploring this place.
 F = Levels seen in this place.
 G = Mean time per level.
                   A        B        C        D        E       F      G
               +--------+--------+--------+--------+--------+-----+--------+
         Total |   8826 |   8494 |    332 |   1455 |   5595 |   9 |  980.7 |
       Dungeon |   8656 |   8345 |    311 |   1455 |   5463 |   8 | 1082.0 |
        Temple |    169 |    148 |     21 |      0 |    132 |   1 |  169.0 |
               +--------+--------+--------+--------+--------+-----+--------+

Top non-repeatable levels by time:
     D:6: 1565 daAuts
     D:4: 1422 daAuts
     D:7: 1417 daAuts
     D:1: 1086 daAuts
     D:2: 983 daAuts
     D:3: 977 daAuts
     D:8: 666 daAuts
     D:5: 535 daAuts
  Temple: 169 daAuts
